AoeStats
← tcavagnaro

Arabia

510464986Analyzed
1v1 RM · 2d ago on Oct 1, 2026· 33m 22s· 2 players
Game mode
Random Map
Map size
Tiny (2 player)
Population
200
Speed
Normal
Resources
Standard
Victory
Conquest
Starting age
Dark Age
Ending age
Imperial Age
RankedLock teamsTeams togetherTeam positionsShared explorationLock speedFull tech treeHidden civsTurbo modeCheats
Victory
Defeat
🇨🇳 Byzantines · China
846
+16
🇻🇮 Persians · U.S. Virgin Islands
850
-43
精锐442
11:32 Feudal Age
9:47 Loom
18:13 Castle Age
16:29 Double-Bit Axe
16:45 Horse Collar
20:22 Bow Saw
21:09 Stone Mining
23:56 Heavy Plow
28:53 Imperial Age
29:02 Capped Ram
31:17 Fletching
31:31 Padded Archer Armor
31:41 Forging
31:39 Scale Barding Armor
31:34 Scale Mail Armor
33:30 Bodkin Arrow
33:51 Leather Archer Armor
34:12 Iron Casting
34:17 Crop Rotation
tcavagnaro
1:18 Loom
9:36 Feudal Age
11:09 Man-at-Arms
22:03 Horse Collar
22:13 Double-Bit Axe
35:39 Castle Age
Connection lost

Rejoining the realm…

Still unreachable

The connection could not be restored.

Session expired

The server has moved on; the page needs a fresh start.